 Dungeon Crawl Stone Soup version 0.21.1-1-g345015fe64 (webtiles) character file.

4412 Loge the Cleaver (level 10, 0/135 HPs)
             Began as a Minotaur Berserker on July 15, 2018.
             Was an Elder of Trog.
             Slain by a death yak (7 damage)
             ... on level 7 of the Dungeon.
             The game lasted 00:12:58 (6800 turns).

Loge the Cleaver (Minotaur Berserker)               Turns: 6800, Time: 00:12:58

Health: 0/135      AC: 12    Str: 28    XL:     10   Next: 14%
Magic:  0/9        EV: 15    Int:  4    God:    Trog [****..]
Gold:   366        SH:  0    Dex: 12    Spells: 9/9 levels left

rFire    . . .     SeeInvis .   a - +0 hand axe
rCold    + . .     Gourm    .   (no shield)
rNeg     . . .     Faith    .   w - +0 chain mail
rPois    .         Spirit   +   (helmet restricted)
rElec    .         Reflect  .   (no cloak)
rCorr    .         Harm     .   s - +0 pair of gloves
MR       .....                  (no boots)
Stlth    ..........             p - amulet of guardian spirit
HPRegen  0.32/turn              z - ring of protection from cold
MPRegen  0.11/turn              b - +3 ring of evasion

@: berserking, very quick
A: retaliatory headbutt, horns 2
a: Berserk, Trog's Hand, Brothers in Arms, Burn Spellbooks, Renounce Religion


You were on level 7 of the Dungeon.
You worshipped Trog.
Trog was greatly pleased with you.
You were not hungry.

You visited 1 branch of the dungeon, and saw 8 of its levels.

You collected 366 gold pieces.

Inventory:

Hand Weapons
 a - a +0 hand axe (weapon)
Missiles
 f - 138 stones (quivered)
 k - 5 javelins of returning
 q - 32 poisoned needles
 u - 5 javelins
 D - 6 needles of sleeping
Armour
 s - a +0 pair of gloves (worn)
 w - a +0 chain mail (worn)
Jewellery
 b - a +3 ring of evasion (right hand)
 p - an amulet of guardian spirit (around neck)
 z - a ring of protection from cold (left hand)
 G - a cursed -2 ring of dexterity {unknown}
 J - an uncursed ring of resist corrosion {unknown}
 K - an uncursed ring of ice {unknown}
Wands
 m - a wand of paralysis (11)
 x - a wand of disintegration (17)
 y - a wand of scattershot (5)
 F - a wand of polymorph (17)
 I - a wand of acid (9)
Scrolls
 e - a scroll of immolation {unknown}
 g - a scroll of magic mapping {unknown}
 i - 3 scrolls of teleportation {unknown}
 j - 4 scrolls of remove curse
 r - 3 scrolls of fear
 t - 2 scrolls of amnesia {unknown}
 E - 2 scrolls of fog {unknown}
Potions
 d - a potion of haste {unknown}
 h - a potion of curing {unknown}
 l - 2 potions of brilliance
 n - a potion of flight {unknown}
 o - 2 potions of ambrosia
 v - 3 potions of lignification
 B - a potion of resistance {unknown}
 C - 2 potions of heal wounds {unknown}
 H - 2 potions of invisibility
Books
 A - a book of Callings

   Spells                             Type                      Level
   a - Summon Small Mammal            Summoning                    1
   b - Call Imp                       Summoning                    2
   c - Call Canine Familiar           Summoning                    3
   d - Summon Guardian Golem          Hexes/Summoning              3
   e - Summon Lightning Spire         Summoning/Air                4
   f - Summon Ice Beast               Ice/Summoning                4
   Trog disapproves of the use of such an item.
Comestibles
 c - 3 rations


   Skills:
 + Level 8.8 Fighting
 * Level 11.5 Axes
 + Level 8.3 Armour
 + Level 7.6 Dodging


You had 9 spell levels left.
You didn't know any spells.

Dungeon Overview and Level Annotations

Branches:
Dungeon (8/15)             Temple (0/1) D:4            Lair (0/6) D:8

Altars:
Dithmenos
Okawaru
Qazlal
Vehumet
The Shining One

Shops:
D:5 [[=[:


Innate Abilities, Weirdness & Mutations

You reflexively headbutt those who attack you in melee.
You have a pair of horns on your head.


Message History

You slash the death yak!
The death yak is severely wounded.
You hit the death yak. You hit the death yak. You headbutt the death yak!
The death yak is almost dead.
You hit the death yak. The death yak gores you!
* * * LOW HITPOINT WARNING * * *
The death yak completely misses you.
You climb upwards.
You feel a strong urge to attack something.
There is a stone staircase leading down, spattered with blood here.
You slash the death yak!
You feel the power of Trog in you as your rage grows.
You kill the death yak!
Trog accepts your kill.
You have reached level 10!
You slash the death yak! The death yak closely misses you.
You furiously retaliate!
You headbutt the death yak. The death yak gores you!
You die...

..## ##..#### #)##.## ##....
...####...#########.#...####.....
.......[...................'.....
....###...#.#######.#...####.....
..#.# #..##.# ##.##.## ##....
.##.# #.###.# ##...### ##...
###.# #.# #.# ##.....## ##.. #
#.# #.# #.# #>Y.....# ##+
#.###.###.# #@......# #.
#.........# #.......# #. #
#.....##### ##.....## ####.
###.##### ##...## #####.... .##.#
##.## ##...#.... ###.# #.#
##......#.< ....# #.###.......##.
##### #...........##.
#####..........


You could see a death yak.

Vanquished Creatures
  2 death yaks (D:7)
  The ghost of Roikka the Chopper, a novice HuBe of Trog (D:5)
  A steam dragon (D:6)
  The ghost of Holzbalken the Cudgeler, an amateur TeBe of Trog (D:3)
  A water moccasin (D:6)
  An orc warrior (D:6)
  An ice beast (D:4)
  A sky beast (D:7)
  5 ogres
  A black bear (D:7)
  A phantom (D:4)
  2 centaurs
  2 bullfrogs
  2 scorpions (D:7)
  4 howler monkeys
  3 centaur zombies
  2 crimson imps
  A bullfrog skeleton (D:7)
  A hound (D:7)
  2 jellies
  2 orc priests (D:6)
  A centaur skeleton (D:6)
  Ijyb (D:3)
  Terence (D:3)
  2 iguanas (D:7)
  An orc wizard (D:6)
  2 worker ants
  A hound skeleton (D:7)
  A worker ant zombie (D:5)
  11 gnolls
  10 adders
  A shadow imp (D:7)
  An ooze (D:3)
  3 adder skeletons
  4 worms (D:3)
  10 leopard geckos
  10 orcs
  4 ball pythons
  3 giant cockroaches
  8 hobgoblins
  16 jackals
  3 quokkas
  5 bats
  4 frilled lizards
  3 goblins
  4 kobolds
  5 rats
152 creatures vanquished.

Notes
Turn   | Place    | Note
-------+----------+-------------------------------------------
     0 | D:1      | Loge the Minotaur Berserker began the quest for the Orb.
     0 | D:1      | Reached XP level 1. HP: 19/19 MP: 0/0
   405 | D:1      | Reached XP level 2. HP: 26/27 MP: 1/1
   559 | D:1      | Reached skill level 4 in Axes
  1104 | D:2      | Reached XP level 3. HP: 14/33 MP: 2/2
  1336 | D:2      | Reached XP level 4. HP: 40/40 MP: 3/3
  1396 | D:2      | Found a glowing golden altar of the Shining One.
  1585 | D:2      | Reached ** piety under Trog
  1585 | D:2      | Reached skill level 5 in Axes
  1885 | D:2      | Found an iron altar of Okawaru.
  2011 | D:3      | Reached XP level 5. HP: 47/47 MP: 4/4
  2069 | D:3      | You fall through a shaft for 2 floors!
  2069 | D:5      | Entered Level 5 of the Dungeon
  2205 | D:4      | Noticed a phantom
  2259 | D:4      | Killed a phantom
  2259 | D:4      | Reached XP level 6. HP: 41/55 MP: 5/5
  2353 | D:4      | Reached skill level 6 in Axes
  2461 | D:3      | Noticed Terence
  2472 | D:3      | Killed Terence
  2540 | D:3      | Noticed Holzbalken's ghost (amateur TeBe)
  2551 | D:3      | Killed Holzbalken's ghost
  2551 | D:3      | Reached skill level 5 in Fighting
  2582 | D:3      | Found a radiant altar of Vehumet.
  3033 | D:3      | Reached XP level 7. HP: 54/61 MP: 6/6
  3050 | D:3      | Reached *** piety under Trog
  3091 | D:3      | Noticed Ijyb
  3106 | D:3      | Killed Ijyb
  3306 | D:4      | Reached skill level 7 in Axes
  3474 | D:4      | Found a staircase to the Ecumenical Temple.
  3495 | D:4      | Reached skill level 5 in Armour
  4098 | D:5      | Found Ledd's Armour Boutique.
  4100 | D:5      | Found Bukler's Jewellery Boutique.
  4101 | D:5      | Found Raocamm's Antique Armour Boutique.
  4107 | D:5      | Found Sosch's Armour Boutique.
  4149 | D:5      | Found a stormy altar of Qazlal.
  4274 | D:5      | Noticed Roikka's ghost (novice HuBe)
  4298 | D:5      | Killed Roikka's ghost
  4298 | D:5      | Reached skill level 8 in Axes
  4298 | D:5      | Reached skill level 5 in Dodging
  4298 | D:5      | Reached XP level 8. HP: 71/71 MP: 7/7
  4459 | D:5      | Found Meschav's Book Boutique.
  4666 | D:6      | Reached skill level 9 in Axes
  4736 | D:6      | Found a shadowy altar of Dithmenos.
  5226 | D:6      | Reached XP level 9. HP: 79/79 MP: 6/8
  5925 | D:7      | Reached skill level 10 in Axes
  5962 | D:7      | Reached **** piety under Trog
  6625 | D:8      | Noticed a death yak
  6627 | D:8      | Noticed a death yak
  6628 | D:8      | Noticed a death yak
  6628 | D:8      | Found a staircase to the Lair.
  6628 | D:8      | Noticed a death yak
  6659 | D:7      | Killed a death yak
  6659 | D:7      | Reached skill level 11 in Axes
  6796 | D:8      | HP: 6/123 [death yak (8)]
  6799 | D:7      | Killed a death yak
  6799 | D:7      | Reached XP level 10. HP: 7/90 MP: 0/9
  6800 | D:7      | Slain by a death yak

Skill      XL: |  1  2  3  4  5  6  7  8  9 |
---------------+----------------------------+-----
Axes           | 4 5 6 8 9 11 | 11.5
Fighting       | 4 5 6 7 8 |  8.8
Armour         | 3 4 6 8 |  8.3
Dodging        | 3 4 5 6 7 |  7.6

Action                   |  1- 3 |  4- 6 |  7- 9 | 10-12 || total
-------------------------+-------+-------+-------+-------++-------
Melee: Hand axe          |    35 |   134 |   293 |       ||   462
       Headbutt          |     8 |    24 |    71 |       ||   103
Invok: Berserk           |     1 |     2 |     6 |       ||     9
  Use: Scroll            |       |       |     5 |       ||     5
 Stab: Sleeping          |     1 |       |       |       ||     1
  Eat: Chunk             |     2 |     7 |     8 |       ||    17
       Ration            |       |       |     3 |       ||     3
Armor: Animal skin       |     5 |     2 |       |       ||     7
       Scale mail        |       |    28 |       |       ||    28
       Chain mail        |       |    14 |    95 |       ||   109
Dodge: Dodged            |    43 |    74 |   169 |     1 ||   287
